 Dungeon Crawl Stone Soup version 0.31-a0-1626-g5cb510d322 (webtiles) character file.

Game seed: 6075755171219458184

476 Laraso the Shooter (level 6, -6/47 HPs)
             Began as a Draconian Hexslinger on Jan 13, 2024.
             Mangled by a gnoll
             ... wielding a +0 spear
             ... led by a gnoll bouda
              (8 damage)
             ... on level 5 of the Dungeon.
             The game lasted 00:03:44 (3213 turns).

Laraso the Shooter (Draconian Hexslinger)           Turns: 3213, Time: 00:03:44

Health: -6/47      AC:  2    Str: 10    XL:     6   Next: 84%
Magic:  4/7        EV: 12    Int: 13    God:
Gold:   1098       SH:  0    Dex: 16    Spells: 5/7 levels left

rFire   . . .        a - +2 sling
rCold   . . .        q - orb {guile}
rNeg    + . .        (body armour unavailable)
rPois   .            (helmet restricted)
rElec   .            (no cloak)
rCorr   .            (no gloves)
SInv    .            (no boots)
Will    .....        (no amulet)
Stlth   +            e - ring of positive energy
HPRegen 0.27/turn    j - ring of wizardry
MPRegen 0.10/turn

%: wizardry (x1)
@: weak-willed, weakened, corroded, jinxed
A: AC +6, unfitting armour, cold-blooded
a: no special abilities


You were on level 5 of the Dungeon.
You visited 1 branch of the dungeon, and saw 5 of its levels.

You collected 1098 gold pieces.

Inventory:

Hand Weapons
 a - a +2 sling (weapon)
Missiles
 k - a throwing net
Armour
 q - an orb of guile (worn)
Jewellery
 e - a ring of positive energy (left hand)
 h - a ring of protection from cold
 j - a ring of wizardry (right hand)
Wands
 i - a wand of flame (19)
 m - a wand of acid (2)
Scrolls
 b - a scroll of poison
 d - a scroll of fear
 l - 3 scrolls of teleportation
 r - a scroll of revelation {unknown}
 s - a scroll of enchant armour
Potions
 c - a potion of brilliance {unknown}
 f - a potion of enlightenment
 g - 3 potions of might
 n - a potion of curing {unknown}
 o - a potion of ambrosia {unknown}
 p - a potion of resistance {unknown}


   Skills:
 - Level 1.1 Fighting
 * Level 6.1 Ranged Weapons
 - Level 1.7 Dodging
 - Level 1.0 Spellcasting
 - Level 4.0 Hexes
 - Level 1.0 Fire Magic


You had 5 spell levels left.
You knew the following spells:

 Your Spells              Type           Power      Damage    Failure   Level
a - Jinxbite              Hex            22%        N/A       3%          2

Your spell library contained the following spells:

 Spells                   Type           Power      Damage    Failure   Level
 Sigil of Binding         Hex            11%        N/A       6%          3
 Inner Flame              Hex/Fire       7%         N/A       12%         3
 Cause Fear               Hex            5%         N/A       21%         4
 Dimensional Bullseye     Hex/Tloc       2%         N/A       43%         4


Dungeon Overview and Level Annotations

Branches:
Dungeon (5/15)
 Temple: D:4-7

Altars:
Makhleb


Innate Abilities, Weirdness & Mutations

Your plain brown scales are hard. (AC +6)
You cannot fit into any form of body armour.
You are cold-blooded and may be slowed by cold attacks.


Message History

Unknown command.
The gnoll attacks as it pursues you! The gnoll closely misses you.
The gnoll throws a throwing net.
The throwing net barely misses you.
There is an open door here.
The jinxing sprites lose interest in you.
There are monsters nearby!
Unknown command.
Aiming: Corrosive Bolt
Press: ? - help, Shift-Dir - straight line, f - gnoll
Aim: a gnoll, wielding a +0 flail (severely wounded, covering ground quickly, 75% to hit)
The bolt of acid hits the gnoll!
The gnoll is severely wounded.
The bolt of acid hits the gnoll!
The acid corrodes the gnoll!
You kill the gnoll!
The gnoll misses you.
Unknown command.
Casting: Jinxbite (safe; 3% risk of failure)
Confirm with . or Enter, or press ? or * to list all spells.
You beckon some vexing sprites to accompany your attacks.
You feel your willpower being sapped. The gnoll hits you with a +0 flail!
* * * LOW HITPOINT WARNING * * *
Unknown command.
You shoot a sling bullet.
The sling bullet closely misses the gnoll.
A giggling sprite leaps out and makes the gnoll trip over its own feet.
The gnoll is almost dead.
The gnoll hits you with a +0 flail.
* * * LOW HITPOINT WARNING * * *
The gnoll hits you from afar with a +0 spear.
* * * LOW HITPOINT WARNING * * *
The gnoll hits you with a +0 flail.
* * * LOW HITPOINT WARNING * * *
Aiming: Corrosive Bolt
Press: ? - help, Shift-Dir - straight line, p - gnoll The bolt of acid hits the gnoll!
You kill the gnoll!
The bolt of acid hits the gnoll!
The gnoll is severely wounded.
The gnoll hits you from afar with a +0 spear!
You die...

#......#
########......#
#.............#
#.............#
#.............#
#............(#
#.............#
#.........@...#
#..<....##)####
#.......#g...#
#.......)....#
#.......#....#
#.......#....#
#....)>.#....#
#......g#....#
#.......#....#


You could see a gnoll (swift).

Vanquished Creatures
  Blork the orc (D:4)
  A scorpion (D:3)
  A bombardier beetle (D:4)
  3 gnoll boudas
  A hound (D:4)
  Ijyb (D:5)
  8 gnolls
  4 adders
  A ribbon worm (D:3)
  2 dart slugs
  An orc (D:4)
  4 endoplasms
  6 giant cockroaches
  5 goblins
  7 hobgoblins
  6 kobolds
  4 quokkas (D:1)
  4 ball pythons
  7 bats
  2 frilled lizards (D:1)
  7 rats
76 creatures vanquished.

Notes
Turn   | Place    | Note
-------+----------+-------------------------------------------
     0 | D:1      | Laraso the Draconian Hexslinger began the quest for the
                  | Orb.
     0 | D:1      | Reached XP level 1. HP: 16/16 MP: 2/2
   186 | D:1      | Reached skill level 2 in Ranged Weapons
   251 | D:1      | Reached XP level 2. HP: 23/23 MP: 3/3
   617 | D:1      | Learned a level 2 spell: Jinxbite
   648 | D:2      | Reached XP level 3. HP: 28/28 MP: 4/4
   852 | D:2      | Reached skill level 3 in Ranged Weapons
  1256 | D:2      | Identified the +0 robe of Gemunis {Int+3}
  1528 | D:3      | Noticed a scorpion
  1533 | D:3      | Killed a scorpion
  1534 | D:3      | Reached XP level 4. HP: 35/35 MP: 2/5
  1737 | D:3      | Reached skill level 4 in Ranged Weapons
  1791 | D:3      | Reached XP level 5. HP: 40/40 MP: 6/6
  1899 | D:3      | Found a burning altar of Makhleb.
  1899 | D:3      | Noticed a balrug
  1902 | D:3      | Noticed a neqoxec
  1902 | D:3      | Noticed a hellwing
  2427 | D:4      | Identified a scroll of acquirement
  2427 | D:4      | Acquired 894 gold pieces
  2662 | D:4      | Reached skill level 5 in Ranged Weapons
  2662 | D:4      | Reached XP level 6. HP: 17/47 MP: 4/7
  3036 | D:4      | Noticed Blork the orc
  3045 | D:4      | Killed Blork the orc
  3148 | D:5      | Entered Level 5 of the Dungeon
  3198 | D:5      | Noticed Ijyb
  3207 | D:5      | Killed Ijyb
  3208 | D:5      | Reached skill level 6 in Ranged Weapons
  3212 | D:5      | HP: 2/47 [gnoll/+0 flail[a gnoll bouda] (6)]
  3213 | D:5      | Mangled by a gnoll

Illustrated notes

Levels and vault maps discovered:
D:1:      dpeg_arrival_arbitrary_b, layout_loops_ring, serial_bayou_pond_c
D:2:      layout_loops_corners
D:3:      layout_basic, makhleb_altar_promises_db
D:4:      layout_loops_ring, uniq_blork_the_orc
D:5:      layout_gridville, nicolae_titane, uniq_ijyb

Skill      XL: |  1  2  3  4  5  6 |
---------------+-------------------+-----
Ranged Weapons | 2 3 4 5 6 |  6.1
Hexes          | 3 4 |  4.0
Fighting       | |  1.1
Dodging        | |  1.7
Spellcasting   | |  1.0
Fire Magic     | |  1.0

Action                     |  1- 3 |  4- 6 || total
---------------------------+-------+-------++-------
   Fire: Sling             |   140 |   119 ||   259
   Cast: Jinxbite          |     1 |    15 ||    16
  Evoke: Wand              |       |     8 ||     8
    Use: Scroll            |       |     7 ||     7
 Armour: Skin              |    38 |    28 ||    66
  Dodge: Dodged            |    40 |    28 ||    68

Table legend: (Time is in decaauts)
 A = Elapsed time spent in this place.
 B = Non-inter-level travel time spent in this place.
 C = Inter-level travel time spent in this place.
 D = Time resting spent in this place.
 E = Time spent auto-exploring this place.
 F = Levels seen in this place.
 G = Mean time per level.
                   A        B        C        D        E       F      G
               +--------+--------+--------+--------+--------+-----+--------+
         Total |   3274 |   3191 |     83 |    183 |   2463 |   5 |  654.8 |
       Dungeon |   3274 |   3191 |     83 |    183 |   2463 |   5 |  654.8 |
               +--------+--------+--------+--------+--------+-----+--------+

Top non-repeatable levels by time:
     D:2: 884 daAuts
     D:4: 856 daAuts
     D:3: 824 daAuts
     D:1: 671 daAuts
     D:5: 37 daAuts
